 Dungeon Crawl Stone Soup version 0.23.2-1-ga50397a (webtiles) character file.

Game seed: 9079515916805241118

9993 whitewolfNL the Grappler (level 11, -1/105 HPs)
             Began as a Troll Berserker on May 8, 2019.
             Was a High Priest of Trog.
             Slain by a chaos spawn (14 damage)
             ... in a Gauntlet on May 12, 2019.
             The game lasted 00:39:03 (7830 turns).

whitewolfNL the Grappler (Troll Berserker)          Turns: 7830, Time: 00:39:04

Health: -1/105     AC:  7    Str: 27    XL:     11   Next: 30%
Magic:  0/12       EV: 13    Int:  7    God:    Trog [*****.]
Gold:   462        SH:  0    Dex: 12    Spells: 10/10 levels left

rFire    . . .     SeeInvis +     - Unarmed
rCold    + . .     Gourm    +   (no shield)
rNeg     . . .     Faith    .   H - +1 robe of Egalitarianism {rPois rC+ Int+4}
rPois    +         Spirit   +   (helmet restricted)
rElec    .         Reflect  .   (no cloak)
rCorr    .         Harm     .   (gloves unavailable)
MR       .....     NoTele   +   (boots unavailable)
Stlth    ++........             g - amulet of guardian spirit
HPRegen  0.67/turn              y - ring of see invisible
MPRegen  0.13/turn              M - ring of poison resistance

@: berserk cooldown, very slightly contaminated, slowed, studying Stealth, very
slow
A: large, unfitting armour, claws 3, fast metabolism 3, gourmand, regeneration
1, shaggy fur 1, tough skin 3
a: Berserk, Trog's Hand, Brothers in Arms, Renounce Religion


You were in a Gauntlet.
You worshipped Trog.
Trog was extremely pleased with you.
You were not hungry.

You visited 2 branches of the dungeon, and saw 10 of its levels.
You also visited: Gauntlet.

You collected 604 gold pieces.
You spent 142 gold pieces at shops.

Inventory:

Hand Weapons
 d - a +3 hunting sling
 o - the +3 spear of Jebbosm {pierce, +Blink Str+5 Int+4 Dex-5}
   (You found it on level 5 of the Dungeon)

   It inflicts extra damage upon your enemies.
   It affects your strength (+5).
   It affects your intelligence (+4).
   It affects your dexterity (-5).
   It lets you blink.
 E - a +0 blowgun
 P - a +0 falchion of flaming
 Q - a +4 antimagic great sword
Missiles
 a - 7 poisoned tomahawks
 c - 274 stones (quivered)
 s - 109 arrows
 t - 94 sling bullets
 z - 39 bolts
 F - 20 poisoned needles
 J - 4 tomahawks
Armour
 x - a +2 robe of cold resistance
 H - the +1 robe of Egalitarianism (worn) {rPois rC+ Int+4}
   (You bought it in a shop on level 7 of the Dungeon)

   It affects your intelligence (+4).
   It protects you from cold.
   It protects you from poison.
Jewellery
 g - an amulet of guardian spirit (around neck)
 y - a ring of see invisible (left claw)
 M - a ring of poison resistance (right claw)
Wands
 m - a wand of random effects (20)
 n - a wand of polymorph (3)
 D - a wand of digging (5)
Scrolls
 f - 4 scrolls of enchant weapon
 h - a scroll of amnesia {unknown}
 i - 12 scrolls of teleportation
 q - 5 scrolls of remove curse
 v - 3 scrolls of fog
 L - 2 scrolls of vulnerability {unknown}
Potions
 e - 3 potions of mutation
 j - 3 potions of curing
 k - a potion of haste {unknown}
 p - 3 potions of flight
 r - 2 potions of agility
 u - 2 potions of cancellation
 w - a potion of magic {unknown}
 A - a potion of degeneration {unknown}
 B - a potion of heal wounds {unknown}
 C - 3 potions of lignification
 K - 2 potions of brilliance
 N - a potion of resistance {unknown}
 O - a potion of ambrosia {unknown}
Books
 G - a manual of Stealth
Comestibles
 b - 31 rations


   Skills:
 + Level 6.0 Fighting
 - Level 1.0 Long Blades
 * Level 4.9 Throwing
 + Level 6.7 Dodging
 + Level 2.1 Stealth
 * Level 12.4 Unarmed Combat
 - Level 3.2 Evocations


You had 10 spell levels left.
You didn't know any spells.
Your spell library was empty.

Dungeon Overview and Level Annotations

Branches:
Dungeon (9/15)             Temple (0/1) D:5            Lair (1/6) D:9
    Orc (0/2) D:9

Altars:
Ashenzari
Elyvilon
Fedhas
Kikubaaqudgha
Makhleb
Ru
Sif Muna
Vehumet
Zin

Shops:
D:7 [(=(   D:8 [

Annotations:
Gauntlet 9 transporters, exclusion: oklob plant


Innate Abilities, Weirdness & Mutations

You are too large for most types of armour.
You have claws for hands.
Your metabolism is lightning-fast.
You like to eat raw meat.
Your natural rate of healing is unusually fast.
You are covered in fur. (AC +1)
You have extremely tough skin. (AC +3)


Message History

You feel better. The chaos spawn gores you.
* * * LOW HITPOINT WARNING * * *
The chaos spawn shocks you!
* * * LOW HITPOINT WARNING * * *
You're still recovering from your berserk rage.
You scratch the chaos spawn.
The chaos spawn is almost dead.
The chaos spawn closely misses you.
The chaos spawn gores you but does no damage.
You barely miss the chaos spawn.
The chaos spawn is almost dead.
The chaos spawn hits you.
* * * LOW HITPOINT WARNING * * *
The chaos spawn freezes you. You resist.
* * * LOW HITPOINT WARNING * * *
The chaos spawn closely misses you.
You feel better.
The chaos spawn gores you but does no damage.
The chaos spawn hits you!
You die...

([©....#...#..?.©. .#..#8
##P##..#...#.##...# .#..#
#...##.#...#.#.###.#.#..#
.....#.#...#.^##^##^.#..###
..©....#...#....©....#..#8#
.....#.#...#..##.##^.#..#
#...##.#...#.#.###.#.#..#
##.##.D#...#.##4..##^#..##
.......#...#....@....#..#8#
########...###########..###
#.©.#....≈....#.©.#.....#
#...#...≈8≈...#...#.8...###
#.©.#....§....#.©.#.....#8#
########...###########..#
?)©..bt#...#....©[...#..#
^#.#.^b#...#.#.....#.#..###
..#...b#...#.##...##.#..#8#


You could see a chaos spawn.

Vanquished Creatures
  A hydra (D:9)
  A centaur warrior (D:9)
  A two-headed ogre (D:8)
  Psyche (D:8)
  A komodo dragon (Lair:1)
  Grinder (D:5)
  A hippogriff (D:9)
  Prince Ribbit (D:8)
  2 dream sheep (D:9)
  3 flying skulls (Gauntlet)
  11 yaks
  A hungry ghost (D:7)
  A neqoxec (Gauntlet)
  2 chaos spawn (Gauntlet)
  A water moccasin (Lair:1)
  2 sky beasts
  An orc warrior (D:9)
  A black bear (D:8)
  2 phantoms
  An eye of draining (D:9)
  4 ogres
  4 crocodiles
  4 big kobolds
  Blork the orc (D:4)
  7 bullfrogs
  A scorpion (D:9)
  5 killer bees (D:8)
  4 crimson imps
  A quasit (D:5)
  5 hounds
  9 orc wizards
  2 centaur skeletons
  3 orc priests
  A jelly (D:7)
  Terence (D:3)
  2 iguanas
  8 worker ants
  A killer bee zombie (D:7)
  A hound zombie (D:7)
  A hound skeleton (D:9)
  2 worker ant zombies (D:6)
  19 adders
  8 gnolls (D:5)
  A howler monkey skeleton (D:8)
  A shadow imp (D:6)
  A white imp (D:4)
  An ooze (D:2)
  An adder skeleton (D:5)
  5 worms
  A dart slug (D:1)
  6 leopard geckos
  34 orcs
  10 bats
  9 giant cockroaches
  4 goblins
  7 hobgoblins
  8 jackals
  10 kobolds
  6 quokkas
  9 frilled lizards
  A quokka zombie (D:8)
  9 rats
  A plant (D:9)
255 creatures vanquished.

Notes
Turn   | Place    | Note
-------+----------+-------------------------------------------
     0 | D:1      | whitewolfNL the Troll Berserker began the quest for the
                  | Orb.
     0 | D:1      | Reached XP level 1. HP: 22/22 MP: 0/0
   195 | D:1      | Reached XP level 2. HP: 29/29 MP: 1/1
   742 | D:1      | Reached XP level 3. HP: 36/36 MP: 2/2
   929 | D:2      | Reached skill level 4 in Unarmed Combat
   973 | D:2      | Reached ** piety under Trog
  1021 | D:2      | Reached XP level 4. HP: 44/44 MP: 3/3
  1531 | D:2      | Reached XP level 5. HP: 48/50 MP: 4/4
  1622 | D:3      | Noticed Terence
  1625 | D:3      | Killed Terence
  1625 | D:3      | Reached skill level 5 in Unarmed Combat
  2200 | D:3      | Reached *** piety under Trog
  2342 | D:4      | Noticed an ogre
  2351 | D:4      | Reached skill level 1 in Stealth
  2354 | D:4      | Killed an ogre
  2354 | D:4      | Reached XP level 6. HP: 37/59 MP: 2/5
  2366 | D:4      | Reached skill level 6 in Unarmed Combat
  2597 | D:4      | Noticed Blork the orc
  2602 | D:4      | Reached XP level 7. HP: 66/67 MP: 6/6
  2610 | D:4      | Killed Blork the orc
  2901 | D:4      | Reached skill level 7 in Unarmed Combat
  3024 | D:5      | Entered Level 5 of the Dungeon
  3123 | D:5      | Reached **** piety under Trog
  3439 | D:5      | Got a shimmering spear
  3444 | D:5      | Identified the +3 spear of Jebbosm {pierce, +Blink Str+5
                  | Int+4 Dex-5} (You found it on level 5 of the Dungeon)
  3484 | D:5      | Found a staircase to the Ecumenical Temple.
  3603 | D:5      | Reached skill level 8 in Unarmed Combat
  3613 | D:5      | Noticed Grinder
  3617 | D:5      | Reached XP level 8. HP: 52/75 MP: 4/7
  3633 | D:5      | Killed Grinder
  4615 | D:6      | Reached skill level 9 in Unarmed Combat
  5152 | D:7      | Found Peustu's Antique Weapon Emporium.
  5239 | D:7      | Found Raalell's Antique Weapon Boutique.
  5297 | D:7      | Found a blossoming altar of Fedhas.
  5297 | D:7      | Found a white marble altar of Elyvilon.
  5298 | D:7      | Found a shattered altar of Ashenzari.
  5494 | D:7      | Found Nyntonyo's Jewellery Shop.
  5537 | D:7      | Found Oliyrch's Antique Armour Shoppe.
  5545 | D:7      | Bought a transparent robe for 142 gold pieces
  5555 | D:7      | Identified the +1 robe of Egalitarianism {rPois rC+ Int+4}
                  | (You bought it in a shop on level 7 of the Dungeon)
  5714 | D:8      | Reached skill level 10 in Unarmed Combat
  5714 | D:8      | Reached XP level 9. HP: 84/84 MP: 8/8
  5737 | D:8      | Noticed a two-headed ogre
  5745 | D:8      | Killed a two-headed ogre
  5745 | D:8      | Reached skill level 1 in Throwing
  5745 | D:8      | Reached skill level 1 in Evocations
  5832 | D:8      | Reached ***** piety under Trog
  5894 | D:8      | Found Widy's Antique Armour Shop.
  6008 | D:8      | Reached skill level 5 in Dodging
  6027 | D:8      | Noticed Prince Ribbit
  6035 | D:8      | Killed Prince Ribbit
  6035 | D:8      | Reached skill level 11 in Unarmed Combat
  6084 | D:8      | Found a burning altar of Makhleb.
  6347 | D:8      | Noticed Psyche
  6361 | D:8      | Killed Psyche
  6361 | D:8      | Reached XP level 10. HP: 94/94 MP: 10/10
  6430 | D:8      | Reached skill level 5 in Fighting
  6739 | D:9      | Noticed a three-headed hydra
  6744 | D:9      | Killed a one-headed hydra
  6851 | D:9      | Found a staircase to the Lair.
  6871 | D:9      | Reached skill level 12 in Unarmed Combat
  6958 | D:9      | Found a radiant altar of Vehumet.
  6992 | D:9      | Found a glowing silver altar of Zin.
  7029 | D:9      | Received a gift from Trog
  7087 | D:9      | Found a staircase to the Orcish Mines.
  7149 | D:9      | Found an ancient bone altar of Kikubaaqudgha.
  7150 | D:9      | Found a deep blue altar of Sif Muna.
  7241 | D:9      | Noticed a centaur warrior
  7247 | D:9      | Killed a centaur warrior
  7247 | D:9      | Reached XP level 11. HP: 80/105 MP: 8/12
  7312 | D:9      | Found a sacrificial altar of Ru.
  7350 | Lair:1   | Entered Level 1 of the Lair of Beasts
  7365 | Lair:1   | Reached skill level 1 in Long Blades
  7589 | Lair:1   | Found a gate leading to a gauntlet.
  7601 | Gauntlet | Entered a Gauntlet
  7601 | Gauntlet | Found a transporter.
  7601 | Gauntlet | Found a transporter.
  7601 | Gauntlet | Found a transporter.
  7601 | Gauntlet | Noticed a fire crab
  7626 | Gauntlet | Found a transporter.
  7635 | Gauntlet | Noticed an oklob plant
  7640 | Gauntlet | Found a transporter.
  7640 | Gauntlet | Found a transporter.
  7651 | Gauntlet | Noticed a brown ugly thing
  7651 | Gauntlet | Noticed a great orb of eyes
  7652 | Gauntlet | Found a transporter.
  7652 | Gauntlet | Noticed a white ugly thing
  7674 | Gauntlet | Found a transporter.
  7677 | Gauntlet | Found a transporter.
  7681 | Gauntlet | Found a transporter.
  7720 | Gauntlet | Found a transporter.
  7733 | Gauntlet | Found a transporter.
  7819 | Gauntlet | Paralysed by a chaos spawn for 5 turns
  7824 | Gauntlet | HP: 3/105 [chaos spawn (7)]
  7829 | Gauntlet | HP: 2/105 [chaos spawn (6)]
  7830 | Gauntlet | Slain by a chaos spawn

Skill      XL: |  1  2  3  4  5  6  7  8  9 10 11 |
---------------+----------------------------------+-----
Unarmed Combat | 4 5 6 8 10 11 12 | 12.4
Dodging        | 3 4 5 6 |  6.7
Stealth        | 1 2 |  2.1
Fighting       | 3 4 5 6 |  6.0
Throwing       | 2 4 |  4.9
Evocations     | 2 3 |  3.2
Long Blades    | 1 |  1.0

Action                   |  1- 3 |  4- 6 |  7- 9 | 10-12 || total
-------------------------+-------+-------+-------+-------++-------
Melee: Unarmed           |    86 |   154 |   277 |   214 ||   731
       Punch             |     5 |     2 |     8 |    12 ||    27
       Falchion          |       |       |       |     6 ||     6
Invok: Berserk           |       |     5 |    13 |     8 ||    26
  Use: Scroll            |       |       |     9 |     4 ||    13
       Potion            |       |       |       |     2 ||     2
 Stab: Sleeping          |     1 |       |     1 |     3 ||     5
       Distracted        |       |       |     1 |       ||     1
  Eat: Chunk             |    15 |    19 |    47 |    19 ||   100
Armor: Animal skin       |    39 |    36 |       |       ||    75
       Robe              |       |    17 |    89 |    32 ||   138
       Skin              |       |       |     3 |       ||     3
Dodge: Dodged            |    63 |    58 |   165 |   144 ||   430
